Map: Acid Plant LE

Players

Anonymous

  • Race: Zerg Zerg
  • League: Diamond
  • Spawn Location: 11:00

Hobbselite - Winner!

  • Race: Protoss Protoss
  • League: Diamond
  • Spawn Location: 5:00

VOD

Have the link to the VOD?

Description

16 minute game Diamond 3 PvZ ladder.

Time

  • Played on: Feb. 6, 2018, 2:48 a.m.
  • Length: 16:50
Show
View Real Time Build Order
Export as new Build Order

Anonymous Zerg 

Build Orders: Pool First, Lurkers, Ravager All-In 

Get SALT Encoding   

  12  0:01  Drone  
  13  0:14  Overlord  
  13  0:18  Drone  
  14  0:33  Drone x2  
  16  0:51  Drone  
  16  0:52  Spawning Pool  
  16  0:53  Drone, Extractor  
  16  0:58  Drone  
  17  1:12  Drone  
  18  1:21  Drone  
  19  1:31  Drone  
  20  1:43  Queen  
  20  1:47  Hatchery  
  21  1:48  Zergling x2  
  22  2:03  Overlord  
  22  2:11  Roach Warren  
  22  2:13  Extractor  
  22  2:14  Drone  
  22  2:15  Drone  
  22  2:34  Drone  
  23  2:44  Hatchery  
  22  3:03  Roach  
  22  3:04  Roach x3  
  30  3:06  Drone  
  31  3:16  Roach  
  33  3:21  Roach  
  35  3:27  Overlord  
  35  3:33  Ravager  
  36  3:45  Ravager  
  36  3:46  Overlord  
  36  3:48  Drone x2  
  38  3:51  Overlord  
  38  4:00  Roach  
  40  4:08  Ravager x2  
  40  4:09  Ravager  
  43  4:11  Roach  
  43  4:12  Roach  
  47  4:22  Overlord  
  47  4:24  Drone  
  48  4:26  Ravager  
  48  4:29  Drone  
  50  4:36  Overlord  
  50  4:43  Overlord  
  50  4:51  Drone x2  
  50  4:52  Drone  
  53  4:55  Drone x2  
  53  4:56  Drone  
  56  5:02  Drone  
  57  5:09  Drone  
  57  5:10  Drone x2  
  57  5:12  Drone  
  57  5:14  Drone  
  62  5:17  Drone  
  63  5:24  Lair  
  63  5:26  Drone  
  63  5:28  Drone  
  65  5:37  Drone x2  
  64  5:49  Drone  
  54  5:50  Metabolic Boost  
  54  5:51  Drone x2  
  54  5:52  Drone  
  51  6:00  Queen  
  51  6:01  Extractor  
  51  6:03  Extractor  
  51  6:04  Hatchery  
  51  6:09  Zergling x4  
  51  6:10  Zergling x2  
  53  6:12  Roach x2  
  53  6:14  Spore Crawler  
  53  6:16  Spore Crawler  
  55  6:26  Hydralisk Den  
  55  6:32  Drone x2  
  54  6:35  Drone x2  
  55  6:44  Overlord x2  
  55  6:47  Ravager x3  
  55  6:51  Spore Crawler  
  57  6:54  Baneling Nest  
  57  6:55  Glial Reconstitution  
  57  6:58  Overlord x2  
  56  7:05  Zergling x10  
  56  7:06  Zergling x4  
  56  7:08  Ravager  
  64  7:17  Queen  
  66  7:23  Hydralisk x3  
  72  7:30  Queen  
  72  7:35  Overlord  
  74  7:40  Baneling x2  
  74  7:41  Baneling x7  
  74  7:48  Hydralisk x2  
  78  7:53  Hydralisk  
  78  8:05  Hydralisk x2  
  66  8:06  Hydralisk x2  
  66  8:09  Muscular Augments  
  66  8:10  Drone  
  75  8:18  Overlord x2  
  75  8:20  Zergling x2  
  75  8:24  Drone x2  
  75  8:26  Hydralisk  
  80  8:30  Hydralisk  
  80  8:34  Overseer  
  82  8:38  Hydralisk x2  
  86  8:45  Spore Crawler  
  86  8:46  Drone  
  86  8:47  Drone x2  
  88  8:52  Evolution Chamber  
  88  8:55  Overlord  
  87  8:58  Hydralisk  
  87  8:59  Hydralisk  
  87  9:01  Overseer  
  91  9:03  Drone  
  91  9:07  Drone  
  93  9:15  Drone x2  
  93  9:16  Drone x2  
  97  9:19  Zerg Missile Weapons Level 1  
  97  9:26  Overlord x2  
  97  9:27  Overlord  
  97  9:28  Overseer  
  97  9:33  Centrifical Hooks  
  97  9:36  Drone x2  
  97  9:38  Drone  
  100  9:43  Evolution Chamber  
  100  9:44  Drone x2  
  100  9:45  Drone x2  
  103  9:48  Hydralisk  
  104  9:53  Zergling x4  
  104  9:54  Zergling x6  
  104  9:55  Zergling x2  
  110  10:02  Zergling x6  
  110  10:03  Zergling x6  
  110  10:05  Zergling x2  
  117  10:09  Extractor x2  
  117  10:11  Zergling x4  
  117  10:12  Zergling x2, Baneling x2  
  117  10:13  Baneling x2  
  117  10:14  Baneling x2  
  118  10:18  Baneling x5  
  118  10:20  Baneling  
  118  10:24  Baneling  
  118  10:25  Baneling x2  
  118  10:26  Baneling  
  118  10:28  Hydralisk  
  118  10:29  Hydralisk x3  
  118  10:32  Baneling x3  
  118  10:33  Drone, Baneling  
  127  10:53  Hydralisk x2, Hatchery  
  127  10:56  Overlord  
  130  10:57  Overlord  
  130  11:03  Zerg Melee Weapons Level 1  
  130  11:05  Overlord  
  130  11:14  Overlord  
  130  11:18  Lurker Den  
  130  11:19  Drone  
  130  11:20  Overseer x2  
  130  11:22  Drone, Pneumatized Carapace  
  130  11:23  Overlord  
  131  11:29  Drone  
  132  11:36  Drone x2  
  134  11:49  Hydralisk x6  
  146  12:00  Spine Crawler  
  143  12:16  Hydralisk x3  
  143  12:17  Hydralisk  
  147  12:24  Zerg Missile Weapons Level 2  
  147  12:26  Drone  
  147  12:27  Drone x6, Queen  
  156  12:36  Infestation Pit  
  155  12:46  Overlord x5  
  155  12:55  Lurker x5  
  155  12:56  Lurker x2  
  155  12:57  Overlord  
  162  13:03  Overlord x2  
  162  13:05  Hydralisk x2  
  162  13:06  Hydralisk, Extractor x2  
  162  13:09  Overlord  
  166  13:13  Zerg Ground Armor Level 1  
  166  13:15  Drone x2  
  168  13:41  Hatchery  
  167  13:42  Zergling x4, Lurker  
  167  13:43  Lurker x4  
  174  13:50  Drone x4  
  174  13:55  Hive  
  178  13:56  Hydralisk, Hatchery  
  179  14:09  Overseer x2  
  174  14:20  Hydralisk  
  174  14:21  Hydralisk x2  
  178  14:27  Overlord  
  164  14:39  Drone x2  
  164  14:40  Drone x2  
  164  14:41  Drone  
  164  14:44  Drone  
  164  14:45  Drone, Hydralisk  
  166  14:51  Evolution Chamber, Extractor  
  164  14:56  Hydralisk x2, Extractor  
  164  14:57  Hydralisk  
  169  15:05  Hydralisk  
  169  15:06  Hydralisk x11  
  180  15:13  Hydralisk  
  139  15:23  Hydralisk x3  
  139  15:26  Zergling x18  
  139  15:27  Zergling x6  
  140  15:29  Roach  
  140  15:31  Roach  
  140  15:32  Roach  
  140  15:33  Roach  
  140  15:35  Roach  
  148  15:36  Roach  
  148  15:39  Drone  
  153  15:42  Roach  
  153  15:45  Roach x2  
  135  15:51  Hydralisk x3  
  130  16:00  Hydralisk x2  
  126  16:04  Baneling  
  126  16:05  Baneling x5  
  126  16:07  Roach  
  126  16:08  Zergling x20  
  135  16:16  Roach  
  135  16:18  Roach  
  137  16:23  Roach  
  137  16:25  Roach x2  
  122  16:26  Roach x2  
Show
View Real Time Build Order
Export as new Build Order

Hobbselite Protoss - Winner!

Build Orders: 1 Gate Expand 

Get SALT Encoding   

  12  0:00  Probe  
  14  0:14  Probe  
  14  0:21  Pylon  
  14  0:26  Probe  
  15  0:39  Probe (Chrono Boost)  
  15  0:40  Gateway  
  17  0:50  Assimilator  
  17  0:51  Probe (Chrono Boost)  
  17  1:04  Probe (Chrono Boost)  
  18  1:16  Probe (Chrono Boost)  
  19  1:22  Probe (Chrono Boost)  
  20  1:29  Nexus  
  20  1:36  Probe  
  21  1:45  Zealot  
  23  1:51  Gateway  
  23  1:53  Cybernetics Core  
  23  1:58  Pylon  
  23  2:11  Assimilator  
  23  2:21  Gateway  
  23  2:27  Warp Gate (Chrono Boost)  
  22  2:33  Zealot  
  24  2:40  Stargate  
  24  2:43  Zealot  
  26  2:49  Probe  
  27  3:01  Pylon, Probe  
  28  3:07  Shield Battery  
  28  3:10  Sentry  
  30  3:19  Zealot  
  32  3:30  Void Ray (Chrono Boost)  
  32  3:31  Probe  
  37  3:59  Nexus  
  37  4:02  Pylon  
  35  4:27  Shield Battery  
  35  4:29  Shield Battery  
  35  4:31  Robotics Facility  
  35  4:34  Phoenix (Chrono Boost)  
  37  4:41  Stalker  
  37  4:43  Sentry  
  41  5:02  Stalker  
  41  5:16  Probe  
  46  5:23  Stalker  
  46  5:24  Sentry  
  46  5:27  Probe (Chrono Boost)  
  52  5:33  Probe (Chrono Boost)  
  40  5:59  Immortal  
  40  6:05  Pylon  
  40  6:06  Void Ray (Chrono Boost)  
  40  6:07  Pylon, Probe x2  
  46  6:13  Twilight Council  
  46  6:19  Probe  
  46  6:22  Stalker  
  46  6:25  Stalker  
  51  6:45  Gateway  
  51  6:47  Gateway  
  51  7:02  Stalker x2  
  51  7:03  Stalker  
  57  7:10  Charge  
  57  7:13  Probe (Chrono Boost)  
  59  7:19  Probe (Chrono Boost)  
  59  7:22  Warp Prism (Chrono Boost)  
  60  7:23  Probe (Chrono Boost)  
  60  7:27  Probe (Chrono Boost)  
  63  7:33  Zealot x2  
  63  7:36  Probe (Chrono Boost)  
  68  7:44  Probe (Chrono Boost)  
  69  7:47  Probe (Chrono Boost)  
  70  7:54  Pylon  
  70  7:55  Pylon  
  70  8:00  Probe x2  
  52  8:11  Stalker x3  
  56  8:28  Zealot x2  
  60  8:40  Zealot  
  60  8:41  Zealot x2  
  66  8:49  Robotics Bay  
  66  8:52  Gateway  
  66  8:58  Gateway  
  66  9:00  Pylon  
  66  9:01  Assimilator  
  66  9:04  Assimilator  
  66  9:16  Nexus  
  66  9:25  Stalker x2  
  66  9:26  Stalker x2  
  66  9:31  Observer (Chrono Boost)  
  75  9:35  Phoenix (Chrono Boost)  
  77  9:39  Zealot  
  79  9:52  Pylon  
  79  10:06  Zealot x5  
  89  10:08  Probe  
  89  10:09  Probe  
  91  10:18  Colossus (Chrono Boost)  
  91  10:20  Probe  
  92  10:22  Extended Thermal Lance (Chrono Boost)  
  98  10:32  Probe x2  
  100  10:36  Sentry x2  
  104  10:46  Stalker  
  106  10:55  Probe  
  106  10:56  Probe  
  108  10:58  Assimilator  
  108  11:00  Shield Battery  
  108  11:02  Forge, Assimilator  
  107  11:13  Forge  
  107  11:16  Stalker x2  
  111  11:22  Colossus (Chrono Boost)  
  117  11:39  Pylon  
  117  11:41  Pylon  
  117  11:44  Protoss Ground Weapons Level 1 (Chrono Boost), Protoss Ground Armor Level 1 (Chrono Boost)  
  117  11:57  Probe x2  
  117  11:59  Pylon  
  119  12:04  Colossus (Chrono Boost), Probe (Chrono Boost)  
  126  12:15  Photon Cannon  
  129  12:16  Probe x3 (Chrono Boost)  
  130  12:24  Probe (Chrono Boost)  
  130  12:28  Stalker x3  
  136  12:30  Sentry  
  136  12:31  Sentry  
  140  12:48  Pylon  
  140  12:50  Pylon  
  140  12:56  Pylon  
  140  13:03  Pylon  
  140  13:11  Stalker  
  140  13:12  Stalker x5  
  152  13:38  Zealot x5  
  152  13:39  Zealot  
  164  13:41  Colossus (Chrono Boost)  
  170  13:49  Pylon  
  166  14:13  Stalker  
  166  14:14  Stalker x5  
  174  14:26  Observer (Chrono Boost)  
  167  14:54  Observer (Chrono Boost)  
  165  15:07  Observer (Chrono Boost)  
  148  15:15  Stalker x4  
  148  15:16  Stalker x2  
  132  15:39  Zealot x5  
  132  15:40  Zealot  
  124  16:03  Zealot x6  
  116  16:25  Stalker x2  
  116  16:26  Stalker x4  
Tags
 
Add a new tag
Caveats
  • Supply blocks, unpowered buildings, or Contaminate may cause inaccurate times.
  • Supply counts are checked every 10 seconds.